 Dungeon Crawl Stone Soup version 0.24-a0-462-ge24419a6ad (webtiles) character file.

Game seed: 16597006155209364614

743618 CookieEater the Sorcerer (level 27, -4/186 HPs)
             Began as a Gargoyle Earth Elementalist on July 2, 2019.
             Was the Champion of Vehumet.
             Slain by Pimnuff the pandemonium lord (13 damage)
             ... on level 21 of a ziggurat.
             The game lasted 04:16:25 (82588 turns).

CookieEater the Sorcerer (GrEE)                    Turns: 82588, Time: 04:16:27

Health: -4/186     AC: 36    Str: 12    XL:     27
Magic:  74/74      EV: 27    Int: 31    God:    Vehumet [******]
Gold:   11134      SH:  0    Dex: 22    Spells: 9/73 levels left

rFire    + . .     SeeInvis +   I - staff of power
rCold    + . .     Gourm    +   (no shield)
rNeg     + . .     Faith    .   L - +2 robe {Archmagi}
rPois    ∞         Spirit   .   k - +0 mask of the Dragon {MR+ Slay+3 SInv}
rElec    +         Reflect  .   h - +0 cloak "Earthly Heaven" {+Inv rElec rC+}
rCorr    +         Harm     .   n - +2 pair of gloves "Kene" {rCorr Dex+3 Slay+2}
MR       +++..                  Y - +2 pair of boots
Stlth    +.........             q - amulet of Veruazay {Gourm Dex+5}
HPRegen  0.41/turn              U - ring of Letheat {Wiz rF+ Int+2 Dex+4 Stlth-}
MPRegen  0.44/turn              S - ring of magical power

@: about to teleport, flying, very slightly contaminated, studying Maces &
Flails
A: antennae 1, big wings, hooves 1, slimy green scales 2, clever 1, negative
energy resistance 1, electricity resistance, weak 1, wild magic 1, unbreathing,
petrification resistance, rot immunity, MP-powered wands, AC +20
}: 4/15 runes: decaying, slimy, silver, gossamer
a: Stop Flying, Renounce Religion, Evoke Invisibility


You were on level 21 of a ziggurat.
You worshipped Vehumet.
Vehumet was exalted by your worship.
You were not hungry.

You visited 11 branches of the dungeon, and saw 53 of its levels.
You visited the Abyss 2 times.
You visited 1 ziggurat, and saw 21 of its levels.
You also visited: Trove, Sewer, Gauntlet and Ice Cave.

You collected 15570 gold pieces.
You spent 4436 gold pieces at shops.

Inventory:

Hand Weapons
 H - a +9 eveningstar of electrocution
 M - a +9 morningstar of protection
Missiles
 A - 3 throwing nets (quivered)
Armour
 h - the +0 cloak "Earthly Heaven" (worn) {+Inv rElec rC+}
   (You found it on level 2 of the Depths)

   It protects you from cold.
   It insulates you from electricity.
   It lets you turn invisible.
 k - the +0 mask of the Dragon (worn) {MR+ Slay+3 SInv}
   (You found it on level 1 of the Vaults)

   It affects your accuracy and damage with ranged weapons and melee attacks
   (+3).
   It affects your resistance to hostile enchantments.
   It lets you see invisible.
 n - the +2 pair of gloves "Kene" (worn) {rCorr Dex+3 Slay+2}
   (You found it on level 3 of the Elven Halls)

   It affects your dexterity (+3).
   It affects your accuracy and damage with ranged weapons and melee attacks
   (+2).
   It provides partial protection from all sources of acid and corrosion.
 C - a +2 cloak of invisibility
 L - a +2 robe of the Archmagi (worn)
 Q - the +1 robe of Pusuig {*Slow Str+2 Int+10 SInv}
   (You found it on level 9 of a ziggurat)

   It affects your strength (+2).
   It affects your intelligence (+10).
   It lets you see invisible.
   It may slow you when you take damage.
 Y - a +2 pair of boots (worn)
Magical Staves
 m - an uncursed staff of energy
 I - an uncursed staff of power (weapon)
Jewellery
 q - the amulet of Veruazay (around neck) {Gourm Dex+5}
   (You found it on level 15 of a ziggurat)

   [amulet of the gourmand]

   It allows you to eat raw meat even when not hungry.
   It affects your dexterity (+5).
 t - the ring of Shadows {Umbra +Inv Stlth+}
   (You found it on level 2 of the Depths)

   [ring of stealth]

   It lets you turn invisible.
   It makes you more stealthy.
 G - the ring "Wudelix" {+Blink rPois rF+++ MP+9 Str-4}
   (You took it off an ironheart preserver on level 5 of the Vaults)

   [ring of magical power]

   It affects your strength (-4).
   It renders you almost immune to fire.
   It protects you from poison.
   It affects your magic capacity (+9).
   It lets you blink.
 S - a ring of magical power (right hand)
 U - the ring of Letheat (left hand) {Wiz rF+ Int+2 Dex+4 Stlth-}
   (You found it on level 10 of a ziggurat)

   [ring of wizardry]

   It improves your spell success rate.
   It affects your intelligence (+2).
   It affects your dexterity (+4).
   It protects you from fire.
   It makes you less stealthy.
Wands
 g - a wand of iceblast (62)
 i - a wand of disintegration (6)
 K - a wand of clouds (19)
 O - a wand of acid (28)
 P - a wand of paralysis (17)
Scrolls
 b - 4 scrolls of holy word
 e - 21 scrolls of teleportation
 f - 37 scrolls of remove curse
 l - 17 scrolls of fog
 p - 7 scrolls of magic mapping
 r - 16 scrolls of amnesia
 s - 28 scrolls of identify
 y - 4 scrolls of summoning
 E - 2 scrolls of fear
 F - 8 scrolls of blinking
Potions
 a - 2 potions of mutation
 j - 8 potions of might
 o - 3 potions of cancellation
 v - 7 potions of ambrosia
 w - 31 potions of curing
 x - 6 potions of heal wounds
 z - 10 potions of agility
 J - 2 potions of invisibility
 N - 4 potions of berserk rage
 T - 3 potions of brilliance
 V - 8 potions of haste
 W - 2 potions of resistance
 Z - a potion of magic
Books
 u - a manual of Maces & Flails
Miscellaneous
 c - a lamp of fire
 B - a lightning rod (4/4)
 D - 10 boxes of beasts
 R - 6 sacks of spiders
 X - 7 phantom mirrors
Comestibles
 d - 37 rations


   Skills:
 + Level 22.6 Fighting
 - Level 14.0 Maces & Flails
 - Level 6.0 Armour
 - Level 15.0 Dodging
 - Level 2.1 Stealth
 + Level 23.5 Spellcasting
 - Level 15.0 Conjurations
 * Level 12.0 Necromancy
 - Level 5.0 Transmutations
 - Level 22.0 Fire Magic
 - Level 22.0 Earth Magic
 - Level 10.0 Evocations


You had 9 spell levels left.
You knew the following spells:

 Your Spells              Type           Power        Failure   Level  Hunger
a - Shatter               Erth           ########..   1%          9    #####..
b - Stone Arrow           Conj/Erth      ######       1%          3    None
c - Lee's Rapid Deconstr  Erth           ########..   1%          5    None
d - Iron Shot             Conj/Erth      ########..   1%          6    None
e - Fireball              Conj/Fire      ########..   1%          5    None
f - Bolt of Fire          Conj/Fire      ########..   1%          6    None
g - Irradiate             Conj/Tmut      ########..   1%          5    None
h - Ignition              Fire           ########..   1%          8    ####...
i - Fire Storm            Conj/Fire      ########..   6%          9    #####..
j - Necromutation         Tmut/Necr      ########..   58%         8    ####...

Your spell library contained the following spells:

 Spells                   Type           Power        Failure   Level  Hunger
 Tornado                  Air            ######....   100%        9    #####..
 Animate Skeleton         Necr           N/A          1%          1    None
 Apportation              Tloc           ######       1%          1    None
 Beastly Appendage        Tmut           ######       1%          1    None
 Confusing Touch          Hex            ######       1%          1    None
 Corona                   Hex            ######.      1%          1    None
 Flame Tongue             Conj/Fire      #####        1%          1    None
 Freeze                   Ice            ####         1%          1    None
 Infusion                 Chrm           ####         1%          1    None
 Magic Dart               Conj           ####         1%          1    None
 Pain                     Necr           ####         1%          1    None
 Sandblast                Erth           ######       1%          1    None
 Shock                    Conj/Air       ####         1%          1    None
 Summon Butterflies       Summ           ######..     1%          1    None
 Summon Small Mammal      Summ           ####         1%          1    None
 Call Imp                 Summ           ######..     1%          2    None
 Corpse Rot               Necr           N/A          1%          2    None
 Ensorcelled Hibernation  Hex/Ice        ######       1%          2    None
 Passwall                 Tmut/Erth      ########     1%          2    None
 Poisonous Vapours        Pois/Air       ######       1%          2    None
 Shroud of Golubria       Chrm/Tloc      ######       1%          2    None
 Slow                     Hex            ######..     1%          2    None
 Song of Slaying          Chrm           ######..     1%          2    None
 Sticks to Snakes         Tmut           #######.     1%          2    None
 Swiftness                Chrm/Air       ######..     1%          2    None
 Throw Flame              Conj/Fire      ######       1%          2    None
 Throw Frost              Conj/Ice       ######       1%          2    None
 Call Canine Familiar     Summ           ######..     1%          3    None
 Confuse                  Hex            ######..     1%          3    None
 Conjure Flame            Conj/Fire      ########     1%          3    None
 Dazzling Spray           Conj/Hex       ######       1%          3    None
 Gell's Gravitas          Tloc           ######....   1%          3    None
 Ignite Poison            Fire/Tmut/Pois ########     1%          3    None
 Inner Flame              Hex/Fire       ########     1%          3    None
 Lesser Beckoning         Tloc           ######....   1%          3    None
 Mephitic Cloud           Conj/Pois/Air  #######.     1%          3    None
 Portal Projectile        Hex/Tloc       ######       1%          3    None
 Recall                   Summ/Tloc      N/A          1%          3    None
 Regeneration             Chrm/Necr      #######...   1%          3    None
 Spectral Weapon          Hex/Chrm       ######..     1%          3    None
 Spider Form              Tmut/Pois      #######...   1%          3    None
 Static Discharge         Conj/Air       ########     1%          3    None
 Summon Guardian Golem    Hex/Summ       ######..     1%          3    None
 Tukima's Dance           Hex            ######..     1%          3    None
 Vampiric Draining        Necr           ########..   1%          3    None
 Airstrike                Air            ######....   1%          4    None
 Animate Dead             Necr           N/A          1%          4    None
 Force Lance              Conj/Tloc      ########     1%          4    None
 Fulminant Prism          Conj/Hex       ########..   1%          4    None
 Leda's Liquefaction      Hex/Erth       ########..   1%          4    None
 Olgreb's Toxic Radiance  Pois           ######..     1%          4    None
 Petrify                  Tmut/Erth      ########     1%          4    None
 Sticky Flame             Conj/Fire      ########     1%          4    None
 Throw Icicle             Conj/Ice       ########     1%          4    None
 Bolt of Draining         Conj/Necr      ########..   1%          5    None
 Bolt of Magma            Conj/Fire/Erth ########..   1%          5    None
 Borgnjor's Vile Clutch   Necr/Erth      ########..   1%          5    None
 Iskenderun's Battlesphe  Conj/Chrm      ########     1%          5    None
 Lightning Bolt           Conj/Air       ########..   1%          5    None
 Venom Bolt               Conj/Pois      ########..   1%          5    None
 Yara's Violent Unravell  Hex/Tmut       #######...   1%          5    None
 Bolt of Cold             Conj/Ice       ########..   1%          6    None
 Conjure Ball Lightning   Conj/Air       ########..   1%          6    None
 Death Channel            Necr           ########..   1%          6    None
 Orb of Destruction       Conj           ########..   1%          7    None
 Ice Form                 Ice/Tmut       #######.     2%          4    None
 Blade Hands              Tmut           #######...   2%          5    None
 Freezing Cloud           Conj/Ice/Air   #######...   2%          6    None
 Ring of Flames           Chrm/Fire      ########..   4%          7    None
 Cause Fear               Hex            ######....   5%          4    None
 Passage of Golubria      Tloc           N/A          5%          4    None
 Summon Ice Beast         Ice/Summ       ######..     5%          4    None
 Summon Lightning Spire   Summ/Air       ######..     5%          4    None
 Alistair's Intoxication  Tmut/Pois      #######.     5%          5    None
 Spellforged Servitor     Conj/Summ      ########..   5%          7    None
 Simulacrum               Ice/Necr       #######...   6%          6    None
 Hydra Form               Tmut           #######...   9%          6    None
 Aura of Abjuration       Summ           ######....   12%         5    None
 Metabolic Englaciation   Hex/Ice        ######....   12%         5    None
 Silence                  Hex/Air        ######....   12%         5    None
 Summon Demon             Summ           ######....   12%         5    None
 Summon Forest            Summ/Tloc      ######....   12%         5    None
 Summon Mana Viper        Hex/Summ       ######..     12%         5    None
 Ozocubu's Refrigeration  Ice            ######....   16%         6    None
 Borgnjor's Revivificati  Necr           ########..   21%         8    ####...
 Infestation              Necr           ########..   21%         8    ####...
 Haunt                    Necr/Summ      #######...   30%         7    None
 Dragon Form              Tmut           #######...   38%         7    None
 Darkness                 Hex            ######....   50%         6    None
 Deflect Missiles         Chrm/Air       ######....   50%         6    None
 Dispersal                Tloc           ######....   50%         6    None
 Invisibility             Hex            ######..     50%         6    None
 Shadow Creatures         Summ           N/A          50%         6    None
 Death's Door             Chrm/Necr      #######...   89%         8    ####...
 Malign Gateway           Summ/Tloc      ######....   95%         7    None
 Monstrous Menagerie      Summ           ######....   95%         7    None
 Summon Greater Demon     Summ           ######....   95%         7    None
 Summon Hydra             Summ           ######....   95%         7    None
 Controlled Blink         Tloc           N/A          100%        8    ####...
 Discord                  Hex            ######....   100%        8    ####...
 Disjunction              Tloc           ######....   100%        8    ####...
 Summon Horrible Things   Summ           ######....   100%        8    ####...
 Dragon's Call            Summ           ######....   100%        9    #####..
 Sublimation of Blood     Necr           Unusable     N/A         2    N/A
 Statue Form              Tmut/Erth      Unusable     N/A         6    N/A

Dungeon Overview and Level Annotations

Branches:
Dungeon (15/15)            Temple (1/1) D:6            Lair (6/6) D:10
  Swamp (4/4) Lair:4       Spider (4/4) Lair:4        Slime (5/5) Lair:5
    Orc (2/2) D:11            Elf (3/3) Orc:2        Vaults (5/5) D:14
  Crypt (3/3) Vaults:3       Tomb (0/3) Crypt:3      Depths (5/5) D:15
    Zot (0/5) Depths:5

Altars:
Ashenzari
Cheibriados
Dithmenos
Elyvilon
Fedhas
Gozag
Hepliaklqana
Kikubaaqudgha
Sif Muna
Uskayaw
Vehumet
Wu Jian
Xom
Zin
The Shining One
Beogh
Jiyva

Shops:
D:9 :   D:12 ?   Orc:1 **[*(   Orc:2 }:(   Elf:2 (   Elf:3 *   Vaults:3 =
Vaults:4 (   Depths:3 [

Portals:
Hell: Depths:1 Depths:2 Depths:3 Depths:4 Depths:5
Abyss: Depths:2 Depths:3 Depths:4
Pandemonium: Depths:2 Depths:3 Depths:5

Annotations:
Elf:2 5 runed translucent doors
Elf:3 1 runed translucent door, firegrace's ghost, adept GrBe
Vaults:4 1 runed translucent door, Viusuagh's ghost, adept MiSk


Innate Abilities, Weirdness & Mutations

You are resistant to torment.
Your stone body is resilient. (AC +20)
You are immune to poison.
Your large and strong wings let you fly indefinitely.
You resist negative energy. (rN+)
You are resistant to electric shocks. (rElec)
You can survive without breathing.
You are immune to petrification.
You are immune to rotting.
You have a pair of small antennae on your head.
You have large cloven feet.
You are mostly covered in slimy green scales. (AC +3)
Your mind is acute. (Int +2)
You are weak. (Str -2)
Your spells are a little harder to cast, but a little more powerful.
You expend magic power (3 MP) to strengthen your wands.


Message History

Vehumet accepts your kill.
You feel a bit more experienced. Vehumet accepts your kill.
You feel a bit more experienced.
You hear an angry hiss.
Vudgh closely misses you. Xeolusagg hits you but does no damage.
Vudgh hits you!!!
* * * LOW HITPOINT WARNING * * *
You writhe in agony.
* * * LOW HITPOINT WARNING * * *
Unknown command.
Unknown command.
Unknown command.
As you read the scroll of teleportation, it crumbles to dust.
You feel strangely unstable. Wohyim closely misses you. Xeolusagg hits you!
* * * LOW HITPOINT WARNING * * *
Vudgh completely misses you. Wohyim hits you!
* * * LOW HITPOINT WARNING * * *
Pimnuff hits you!
You die...

▓▓......&...1.†u
▓.∩.....&..†.†)†
▓▓...........uh.
▓▓.....&..D2&..
▓▓....&.......
▓▓..§§.§§....
▓▓§§§§1§....
▓▓&&&§.....
▓▓@&§.....
▓▓§§.....
▓▓▓▓▓▓▓


You could see Pimnuff, Vudgh, Wohyim, Xeolusagg and an Ice Fiend.

Vanquished Creatures
  Dissolution (Slime:2)
  Khufu (Crypt:1)
  Mennas (Vaults:5)
  Mara (Depths:1)
  3 ancient liches
  4 juggernauts
  11 greater mummies
  12 Killer Klowns
  Margery (Vaults:5)
  3 caustic shrikes
  Jory (Crypt:3)
  2 golden dragons
  4 bone dragons
  A Tzitzimitl (Zig:7)
  An electric golem (Zig:5)
  Jorgrun (Spider:1)
  7 liches
  5 tentacled monstrosities
  A shard shrike skeleton (Crypt:1)
  A Hell Sentinel (Zig:15)
  10 pandemonium lords
  4 deep elf blademasters (Elf:3)
  A quicksilver dragon (Depths:5)
  2 quicksilver dragons (shapeshifter)
  2 Executioners
  2 deep elf master archers (Elf:3)
  5 titans
  9 sphinxes
  18 acid blobs
  4 tentacled starspawn
  A shadow dragon (shapeshifter) (Zig:21)
  6 ancient champions
  A thorn hunter (Swamp:4)
  5 storm dragons
  5 tengu reavers
  A storm dragon (shapeshifter) (Zig:21)
  7 shadow dragons
  3 revenants
  A draconian monk (Depths:5)
  6 nagarajas (Zig:16)
  14 azure jellies
  2 corrupters (Zig:7)
  A fire giant (shapeshifter) (Zig:15)
  14 fire giants
  23 vault wardens
  2 draconian knights (Zig:9)
  12 frost giants
  2 frost giants (shapeshifter)
  A ghost moth (shapeshifter) (Vaults:5)
  9 deep elf sorcerers (Elf:3)
  A balrug (Zig:21)
  11 orc warlords
  14 ghost moths
  5 emperor scorpions
  5 deep elf elementalists
  Aizul (Vaults:1)
  2 draconian shifters (Zig:9)
  5 curse skulls
  9 war gargoyles
  18 ironheart preservers
  A draconian stormcaller (Zig:9)
  2 reapers
  3 caustic shrike skeletons
  4 draconian annihilators
  5 ghouls
  20 stone giants
  10 vampire knights
  3 starcursed masses
  12 deep elf demonologists
  32 very ugly things
  19 entropy weavers
  Nessos (Lair:5)
  A minotaur (Gauntlet)
  A red draconian (Zig:9)
  A yellow draconian (Zig:9)
  12 spark wasps
  14 deep elf annihilators
  A dire elephant (shapeshifter) (Zig:15)
  A purple draconian (Zig:9)
  2 white draconians (Zig:9)
  A green death (Abyss:2)
  15 ettins
  8 eidola
  9 mummy priests
  5 death oozes
  15 deep elf death magi
  A quicksilver dragon zombie (Crypt:3)
  14 fire dragons
  13 deep elf high priests
  17 yaktaur captains
  45 vault guards
  8 jiangshi
  10 great orbs of eyes
  Fannar (D:11)
  10 rakshasas
  12 ice dragons
  23 hydras
  5 spriggan air magi
  2 shambling mangroves
  2 catoblepae
  A ghost crab (Swamp:1)
  A hell beast (Zig:7)
  5 naga warriors (Zig:16)
  Erica (Lair:1)
  An anaconda (Zig:16)
  An alligator snapping turtle (shapeshifter) (Zig:14)
  4 death knights
  10 centaur warriors
  22 dancing weapons
  40 two-headed ogres
  4 tengu warriors
  8 deep troll earth magi
  7 spriggan berserkers
  12 deep troll shamans
  19 orc high priests
  18 vampire magi
  13 alligators
  16 death yaks
  A titan zombie (Zig:19)
  17 ogre magi
  19 hell knights
  Nergalle (Lair:1)
  2 death scarabs (Zig:19)
  A storm dragon zombie (Crypt:3)
  4 naga sharpshooters (Zig:16)
  3 shock serpents (Zig:16)
  10 soul eaters
  3 wretched stars
  A shock serpent (shapeshifter) (Vaults:5)
  3 sun demons (Depths:2)
  A spark wasp zombie (Depths:5)
  4 shadow wraiths
  2 salamander mystics (Zig:16)
  14 deep elf knights
  An iron troll (shapeshifter) (Zig:15)
  5 iron trolls
  23 deep trolls
  A storm dragon skeleton (Crypt:2)
  9 skeletal warriors
  A fire crab (shapeshifter) (Vaults:5)
  8 unseen horrors
  9 glowing orange brains
  A spriggan druid (Swamp:3)
  A sea snake (shapeshifter) (Zig:8)
  2 naga ritualists (Zig:16)
  3 wizards
  18 flayed ghosts
  6 obsidian statues
  5 orange crystal statues
  12 ironbrand convokers
  26 deep elf archers
  9 swamp dragons
  16 orc knights
  A harpy (Vaults:5)
  A shadow dragon zombie (Zig:19)
  21 phantasmal warriors
  10 necromancers
  2 mana vipers (Zig:16)
  4 lindwurms
  An orb spider (shapeshifter) (Zig:21)
  A mana viper (shapeshifter) (Zig:14)
  2 wolf spiders (shapeshifter)
  35 ugly things
  11 orc sorcerers
  75 deep elf magi
  A manticore (shapeshifter) (Zig:14)
  41 orb spiders
  5 oklob plants
  42 wolf spiders
  6 cyclopes
  7 shining eyes
  3 cyclopes (shapeshifter)
  12 moths of wrath
  A salamander (shapeshifter) (Zig:15)
  16 elephants
  A stone giant skeleton (Crypt:3)
  12 vault sentinels
  A moth of wrath (shapeshifter) (Zig:14)
  Psyche (D:12)
  A frost giant skeleton (Zig:10)
  16 apocalypse crabs
  8 black mambas
  Maurice (D:11)
  4 guardian serpents (Zig:16)
  3 eyes of devastation
  4 ice statues
  4 centaur zombies
  A black mamba (shapeshifter) (Depths:5)
  4 naga magi (Zig:16)
  Joseph (D:8)
  4 smoke demons
  A guardian serpent (shapeshifter) (Zig:21)
  8 torpor snails
  A white draconian zombie (Crypt:2)
  A dire elephant skeleton (Crypt:3)
  An orange demon (Depths:2)
  2 kobold demonologists (D:14)
  2 hellions
  3 rime drakes
  13 demonic crawlers
  15 spiny frogs
  5 gargoyles
  3 efreet (Depths:4)
  2 komodo dragons (shapeshifter)
  77 yaktaurs
  6 komodo dragons
  25 freezing wraiths
  An ancient zyme (Abyss:2)
  A hydra zombie (Crypt:1)
  3 meliai (Spider:1)
  5 red devils (Crypt:3)
  2 trolls (shapeshifter)
  A harpy zombie (Crypt:3)
  7 tengu conjurers
  A white draconian skeleton (Crypt:2)
  28 jumping spiders
  21 guardian mummies
  10 trolls
  13 tyrant leeches
  131 slime creatures
  A hornet (shapeshifter) (D:15)
  Grinder (D:4)
  A wind drake (shapeshifter) (Zig:14)
  A polar bear (Lair:6)
  A queen bee (Spider:1)
  A polar bear (shapeshifter) (Zig:14)
  6 raiju
  29 hornets
  A raiju (shapeshifter) (Zig:21)
  A tarantella zombie (Crypt:1)
  A dream sheep (shapeshifter) (Vaults:5)
  13 blink frogs
  2 snapping turtles (shapeshifter)
  4 dream sheep (Lair:3)
  7 hippogriffs
  3 human simulacra (Vaults:3)
  A blink frog (shapeshifter) (Depths:5)
  14 flying skulls
  3 bog bodies
  27 shadows
  2 air elementals
  30 tarantellas
  An ice dragon zombie (Crypt:3)
  A redback (shapeshifter) (Vaults:1)
  41 yaks
  An ice dragon skeleton (Crypt:3)
  66 redbacks
  15 spriggans
  A tarantella (shapeshifter) (D:15)
  Sigmund (D:5)
  4 wraiths
  6 water elementals
  7 ushabtiu
  4 wyverns
  A fire bat (shapeshifter) (Depths:5)
  A basilisk (shapeshifter) (Vaults:5)
  A human (shapeshifter) (Elf:1)
  A steam dragon (D:7)
  4 vampires
  6 hungry ghosts
  10 golden eyes (Slime:4)
  4 chaos spawn
  Eustachio (D:4)
  4 basilisks
  2 elf skeletons (Zig:19)
  15 swamp worms
  4 neqoxecs
  6 insubstantial wisps
  4 nagas (Zig:16)
  15 vampire mosquitoes
  2 swamp worms (shapeshifter)
  5 wargs
  A merfolk skeleton (Crypt:3)
  An acid dragon (D:13)
  9 large abominations
  13 water moccasins
  8 porcupines
  Duvessa (D:6)
  18 small abominations
  A floating eye (shapeshifter) (Vaults:5)
  10 eyes of draining
  3 sky beasts
  61 orc warriors
  10 ice beasts
  5 black bears
  16 swamp drakes
  A tengu (shapeshifter) (Depths:5)
  A hornet zombie (D:12)
  3 ettin simulacra (Depths:4)
  3 necrophages
  2 phantoms
  2 spiny frog skeletons
  A black bear (shapeshifter) (Vaults:2)
  21 wolves
  A manticore zombie (Crypt:2)
  57 ogres
  A manticore skeleton (Crypt:3)
  29 boggarts
  32 centaurs
  16 crocodiles
  A snapping turtle skeleton (Crypt:3)
  4 big kobolds
  18 bullfrogs
  A gnoll sergeant (D:6)
  3 earth elementals
  Dowan (D:6)
  A deep troll simulacrum (Vaults:3)
  A wyvern skeleton (D:11)
  7 scorpions
  A queen bee zombie (Crypt:2)
  29 killer bees
  An elephant simulacrum (IceCv)
  2 electric eels
  15 wights
  A howler monkey (D:4)
  5 crimson imps
  4 bullfrog zombies
  5 draconian simulacra (IceCv)
  3 quasits
  2 jellies
  Crazy Yiuf (D:4)
  4 centaur skeletons
  38 orc priests
  3 hounds
  Jessica (D:2)
  8 iguanas
  24 orc wizards
  4 troll simulacra (IceCv)
  11 worker ants
  3 polar bear simulacra (IceCv)
  4 spriggan simulacra (IceCv)
  3 centaur simulacra (IceCv)
  A hound zombie (D:9)
  A naga skeleton (Crypt:1)
  31 mummies
  3 worker ant zombies
  An adder (shapeshifter) (Depths:2)
  10 gnolls
  3 river rats (Sewer)
  14 adders
  A naga simulacrum (IceCv)
  3 ogre simulacra (IceCv)
  6 shadow imps
  14 white imps
  2 ufetubi (Abyss:2)
  3 oozes
  An adder skeleton (D:5)
  6 worms
  A worm (shapeshifter) (Depths:5)
  A dart slug (D:3)
  A barachi skeleton (Crypt:2)
  2 leopard geckos
  107 orcs
  5 giant cockroaches
  7 goblins
  6 hobgoblins
  9 jackals
  3 quokkas
  5 ball pythons
  10 bats
  6 frilled lizards
  A frilled lizard skeleton (Crypt:1)
  27 kobolds
  4 leopard gecko skeletons
  2 quokka skeletons
  2 quokka zombies
  11 rats
  A river rat skeleton (Crypt:1)
  8 briar patches (Swamp:4)
  A bush (Lair:1)
  6 crawling corpses
  35 fire vortices
  4 fungi
  A lurking horror (Abyss:3)
  6 plants
  5 starspawn tentacles (Abyss:3)
3142 creatures vanquished.

Vanquished Creatures (collateral kills)
  the Royal Jelly (Slime:5)
  2 greater mummies
  A Killer Klown (Zig:14)
  A pandemonium lord (Zig:14)
  A storm dragon zombie (Zig:19)
  An unseen horror (D:10)
  A slime creature (Depths:5)
  A chaos spawn (Zig:14)
  An orc warrior (Vaults:5)
  4 mummies
  An orc (Vaults:5)
  A crawling corpse (Vaults:5)
16 creatures vanquished.

Vanquished Creatures (others)
  2 deep elf magi (Elf:3)
  A tengu conjurer (Depths:4)
  A boggart (Depths:4)
  A gnoll (D:6)
  123 fire vortices
  19 fungi
  15 plants
  10 starspawn tentacles
  22 withered plants (Crypt:3)
194 creatures vanquished.

Grand Total: 3352 creatures vanquished

Notes
Turn   | Place    | Note
-------+----------+-------------------------------------------
     0 | D:1      | CookieEater the Gargoyle Earth Elementalist began the quest
                  | for the Orb.
     0 | D:1      | Reached XP level 1. HP: 10/10 MP: 3/3
   141 | D:1      | Reached XP level 2. HP: 13/15 MP: 1/5
   933 | D:2      | Reached XP level 3. HP: 19/19 MP: 6/6
   938 | D:2      | Learned a level 3 spell: Stone Arrow
  1449 | D:2      | Reached skill level 1 in Conjurations
  1449 | D:2      | Reached XP level 4. HP: 24/24 MP: 8/8
  1458 | D:2      | Noticed Jessica
  1475 | D:2      | Reached skill level 3 in Spellcasting
  1479 | D:2      | Killed Jessica
  2005 | D:2      | Found a faded altar of an unknown god.
  2005 | D:2      | Found a shattered altar of Ashenzari.
  2017 | D:2      | Found a radiant altar of Vehumet.
  2020 | D:2      | Found a snail-covered altar of Cheibriados.
  2022 | D:2      | Found a faded altar of an unknown god.
  2027 | D:2      | Became a worshipper of Vehumet
  2115 | D:3      | Reached skill level 5 in Earth Magic
  2166 | D:3      | Reached XP level 5. HP: 19/28 MP: 9/9
  2184 | D:3      | Learned a level 5 spell: Lee's Rapid Deconstruction
  3066 | D:4      | Reached * piety under Vehumet
  3066 | D:4      | Offered knowledge of Sting by Vehumet.
  3068 | D:4      | Reached XP level 6. HP: 22/32 MP: 5/11
  3118 | D:4      | Found a glowing drain.
  3217 | Sewer    | Entered a sewer
  3566 | Sewer    | Reached skill level 4 in Spellcasting
  3652 | Sewer    | Found a white marble altar of Elyvilon.
  3712 | D:4      | Noticed a phantom
  3716 | D:4      | Killed a phantom
  3716 | D:4      | Reached XP level 7. HP: 36/36 MP: 8/13
  3801 | D:4      | Noticed Grinder
  3805 | D:4      | Paralysed by Grinder for 5 turns
  3815 | D:4      | Paralysed by Grinder for 7 turns
  3824 | D:4      | Killed Grinder
  3944 | D:4      | Noticed Eustachio
  3957 | D:4      | Killed Eustachio
  3957 | D:4      | Reached skill level 5 in Spellcasting
  3957 | D:4      | Reached skill level 5 in Conjurations
  3957 | D:4      | Reached XP level 8. HP: 41/41 MP: 12/15
  4119 | D:4      | Found a runed translucent door.
  4120 | D:4      | Noticed Crazy Yiuf
  4525 | D:4      | Killed Crazy Yiuf
  4620 | D:5      | Entered Level 5 of the Dungeon
  4935 | D:5      | Reached ** piety under Vehumet
  4942 | D:4      | Reached skill level 6 in Spellcasting
  5094 | D:5      | Offered knowledge of Throw Flame by Vehumet.
  5095 | D:5      | Reached XP level 9. HP: 26/45 MP: 4/18
  5757 | D:5      | Found a white marble altar of Elyvilon.
  5889 | D:5      | Noticed Sigmund
  5906 | D:5      | Killed Sigmund
  5906 | D:5      | Reached skill level 1 in Fighting
  5906 | D:5      | Reached skill level 1 in Maces & Flails
  5906 | D:5      | Reached skill level 1 in Armour
  5906 | D:5      | Reached skill level 1 in Evocations
  6865 | D:6      | Found a staircase to the Ecumenical Temple.
  6897 | Temple   | Entered the Ecumenical Temple
  7013 | D:6      | Found a white marble altar of Elyvilon.
  7021 | D:6      | Noticed Duvessa
  7024 | D:6      | Noticed Dowan
  7030 | D:6      | Offered knowledge of Mephitic Cloud by Vehumet.
  7037 | D:6      | Killed Duvessa
  7045 | D:6      | Killed Dowan
  7379 | D:6      | Reached *** piety under Vehumet
  7399 | D:6      | Found a hazy altar of Hepliaklqana.
  7660 | D:7      | Noticed a hornet
  7668 | D:7      | Killed a hornet
  7668 | D:7      | Reached XP level 10. HP: 54/54 MP: 14/20
  7843 | D:7      | Reached skill level 7 in Spellcasting
  8097 | D:7      | Offered knowledge of Airstrike by Vehumet.
  8136 | D:7      | Found a glowing golden altar of the Shining One.
  8540 | D:8      | Noticed a two-headed ogre
  8545 | D:8      | Killed a two-headed ogre
  8961 | D:8      | Noticed Joseph
  8988 | D:8      | Killed Joseph
  9009 | D:8      | Found a glowing silver altar of Zin.
  9388 | D:9      | Found Elicw's Book Boutique.
  9482 | D:9      | Noticed an orange crystal statue
  9486 | D:9      | Killed an orange crystal statue
  9486 | D:9      | Reached skill level 10 in Earth Magic
  9486 | D:9      | Reached XP level 11. HP: 62/62 MP: 5/22
  9498 | D:9      | Identified the Volume of Displacement and Weightlessness
  9514 | D:9      | Got an encrusted rapier
  9522 | D:9      | Identified the +3 rapier of Wojide {pierce, rF- rC+++
                  | Dex+7} (You found it on level 9 of the Dungeon)
  9625 | D:9      | Reached **** piety under Vehumet
  9800 | D:9      | Found an opulent altar of Gozag.
  9802 | D:9      | Found a hide-covered altar of Uskayaw.
  9803 | D:9      | Found an ornate altar of the Wu Jian Council.
 10008 | D:9      | Found a shadowy altar of Dithmenos.
 10235 | D:10     | Entered Level 10 of the Dungeon
 10338 | D:10     | Killed an unseen horror
 10749 | D:10     | Found a roughly hewn altar of Beogh.
 11100 | D:10     | Found a staircase to the Lair.
 11114 | D:10     | Offered knowledge of Static Discharge by Vehumet.
 11115 | D:10     | Killed an unseen horror
 11116 | D:10     | Reached skill level 5 in Armour
 11120 | D:10     | Reached skill level 5 in Fighting
 11831 | D:11     | Noticed Maurice
 11844 | D:11     | Killed Maurice
 11857 | D:11     | Reached skill level 8 in Spellcasting
 11886 | D:11     | Reached skill level 5 in Maces & Flails
 11897 | D:11     | Noticed Fannar
 11908 | D:11     | Killed Fannar
 12050 | D:11     | Found a staircase to the Orcish Mines.
 12087 | D:11     | Killed an unseen horror
 12660 | D:11     | Noticed an eight-headed hydra
 12671 | D:11     | Killed an eight-headed hydra
 12671 | D:11     | Reached XP level 12. HP: 69/69 MP: 9/24
 12948 | D:12     | Noticed a tengu warrior
 12963 | D:12     | Killed a tengu warrior
 13039 | D:12     | Found Seugh's Magic Scroll Shop.
 13067 | D:12     | Reached skill level 5 in Evocations
 13095 | D:12     | Noticed Psyche
 13139 | D:12     | Killed Psyche
 13139 | D:12     | Reached skill level 5 in Dodging
 13143 | D:12     | Reached ***** piety under Vehumet
 13144 | D:12     | Offered knowledge of Iron Shot by Vehumet.
 13152 | D:12     | Learned a level 6 spell: Iron Shot
 13984 | D:13     | Noticed a centaur warrior
 13999 | D:13     | Killed a centaur warrior
 15295 | D:14     | Noticed a centaur warrior
 15309 | D:14     | Killed a centaur warrior
 15309 | D:14     | Reached XP level 13. HP: 33/76 MP: 13/25
 15585 | D:14     | Reached skill level 9 in Spellcasting
 15585 | D:14     | Reached skill level 10 in Conjurations
 16175 | D:14     | Found a gate to the Vaults.
 17134 | Lair:1   | Entered Level 1 of the Lair of Beasts
 17538 | Lair:1   | Noticed Erica
 17563 | Lair:1   | Noticed Nergalle
 17564 | Lair:1   | Killed Erica
 18083 | Lair:1   | Offered knowledge of Ozocubu's Refrigeration by Vehumet.
 18197 | Lair:1   | Killed Nergalle
 18733 | Lair:2   | Found a frozen archway.
 18773 | IceCv    | Entered an ice cave
 19523 | IceCv    | Found an ancient bone altar of Kikubaaqudgha.
 19532 | IceCv    | Offered knowledge of Fireball by Vehumet.
 19553 | IceCv    | Learned a level 5 spell: Fireball
 19627 | IceCv    | Gained mutation: Your large and strong wings let you fly
                  | indefinitely. [Gargoyle growth]
 19627 | IceCv    | Reached XP level 14. HP: 84/84 MP: 0/27
 20071 | Lair:2   | Reached skill level 1 in Fire Magic
 21512 | Lair:3   | Found a shimmering altar of Xom.
 22446 | Lair:4   | Reached skill level 10 in Spellcasting
 22586 | Lair:4   | Found a hole to the Spider Nest.
 23051 | Lair:4   | Offered knowledge of Bolt of Cold by Vehumet.
 23359 | Lair:4   | You are sucked into a shaft and drop 2 floors!
 23359 | Lair:6   | Entered Level 6 of the Lair of Beasts
 23481 | Lair:5   | Noticed Nessos
 23592 | Lair:5   | Found a gate leading to a gauntlet.
 23605 | Gauntlet | Entered a Gauntlet
 23605 | Gauntlet | Found a transporter.
 23614 | Gauntlet | Found a transporter.
 23632 | Gauntlet | Found a transporter.
 23634 | Gauntlet | Found a transporter.
 23655 | Gauntlet | Found a transporter.
 23668 | Gauntlet | Found a transporter.
 23669 | Gauntlet | Found a runed translucent door.
 23681 | Gauntlet | Found a transporter.
 23708 | Gauntlet | Found a transporter.
 23708 | Gauntlet | Found a transporter.
 23714 | Gauntlet | Found a transporter.
 23747 | Gauntlet | Found a transporter.
 23747 | Gauntlet | Found a transporter.
 23748 | Gauntlet | Found a runed translucent door.
 23775 | Gauntlet | Found a runed translucent door.
 23983 | Gauntlet | Got a bloodstained helmet
 23989 | Gauntlet | Identified the cursed +0 helmet "Keyguo" {+Blink rF+ Str-2
                  | SInv} (You found it in a Gauntlet)
 24089 | Gauntlet | Reached skill level 5 in Fire Magic
 24533 | Lair:4   | Found a staircase to the Swamp.
 24748 | Lair:5   | Found a viscous altar of Jiyva.
 24749 | Lair:5   | Found a staircase to the Slime Pits.
 24884 | Lair:5   | Killed Nessos
 24904 | Lair:5   | Reached XP level 15. HP: 55/91 MP: 5/29
 25354 | Lair:5   | Found a blossoming altar of Fedhas.
 26269 | Lair:6   | Offered knowledge of Orb of Destruction by Vehumet.
 26569 | Lair:6   | Reached skill level 10 in Fighting
 27133 | Lair:6   | Learned a level 7 spell: Orb of Destruction
 27195 | Lair:6   | Learned a level 5 spell: Irradiate
 28664 | Orc:1    | Entered Level 1 of the Orcish Mines
 28676 | Orc:1    | Found Weuwyulu's Assorted Antiques.
 28797 | Orc:1    | Bought a coppery potion for 21 gold pieces
 28797 | Orc:1    | Bought 2 black potions for 43 gold pieces
 28797 | Orc:1    | Bought a scroll labeled RAOMAUTW QETA for 24 gold pieces
 28797 | Orc:1    | Bought a scroll of identify for 48 gold pieces
 28821 | Orc:1    | Found Assisy's Assorted Antiques.
 28858 | Orc:1    | Found Zymaxzu's Armour Shop.
 28964 | Orc:1    | Bought a scroll of enchant weapon for 195 gold pieces
 28964 | Orc:1    | Bought a blue potion for 23 gold pieces
 28964 | Orc:1    | Bought a scroll of identify for 52 gold pieces
 29036 | Orc:1    | Found a roughly hewn altar of Beogh.
 29067 | Orc:1    | Offered knowledge of Poison Arrow by Vehumet.
 29127 | Orc:1    | Found Roitrubb's Weapon Emporium.
 29370 | Orc:2    | Entered Level 2 of the Orcish Mines
 30546 | Orc:2    | Found a staircase to the Elven Halls.
 31135 | Orc:2    | Reached XP level 16. HP: 39/98 MP: 30/30
 31415 | Orc:2    | Reached skill level 11 in Spellcasting
 31747 | Orc:2    | Found Zahoume's Gadget Emporium.
 31750 | Orc:2    | Found Less's Distillery.
 31751 | Orc:2    | Found Qaemeski's Book Emporium.
 31751 | Orc:2    | Found Vaaweynih's Weapon Shoppe.
 31769 | Orc:2    | Bought a potion of agility for 52 gold pieces
 31769 | Orc:2    | Bought a potion of ambrosia for 104 gold pieces
 31769 | Orc:2    | Bought a potion of haste for 130 gold pieces
 31769 | Orc:2    | Bought a potion of heal wounds for 65 gold pieces
 31769 | Orc:2    | Bought a potion of agility for 52 gold pieces
 31769 | Orc:2    | Bought 2 potions of agility for 104 gold pieces
 31769 | Orc:2    | Bought a potion of curing for 39 gold pieces
 31769 | Orc:2    | Bought a potion of curing for 39 gold pieces
 31829 | Orc:1    | Found Ishrat's Assorted Antiques.
 31850 | Orc:1    | Bought a scroll of enchant weapon for 210 gold pieces
 31850 | Orc:1    | Bought a pair of glowing boots for 210 gold pieces
 31850 | Orc:1    | Bought a scroll of identify for 56 gold pieces
 32118 | D:15     | Entered Level 15 of the Dungeon
 32210 | D:15     | Offered knowledge of Spellforged Servitor by Vehumet.
 32250 | D:15     | Found a staircase to the Depths.
 32608 | D:15     | Reached skill level 10 in Maces & Flails
 33209 | D:15     | Found a deep blue altar of Sif Muna.
 33525 | Elf:1    | Entered Level 1 of the Elven Halls
 34282 | Elf:1    | Reached ****** piety under Vehumet
 34658 | Elf:1    | Reached skill level 10 in Fire Magic
 34658 | Elf:1    | Reached XP level 17. HP: 99/104 MP: 32/32
 35036 | Elf:1    | Reached skill level 15 in Conjurations
 35971 | Elf:2    | Found Iwketwov's Weapon Shop.
 36613 | Elf:2    | Found a huge runed translucent gate.
 36613 | Elf:2    | Found a huge runed translucent gate.
 36614 | Elf:2    | Found a huge runed translucent gate.
 36750 | Elf:2    | Found a huge runed translucent gate.
 36750 | Elf:2    | Found a huge runed translucent gate.
 36805 | Elf:3    | Entered Level 3 of the Elven Halls
 37270 | Elf:3    | Found Refump's General Store.
 37286 | Elf:3    | Bought a scroll of blinking for 120 gold pieces
 37286 | Elf:3    | Bought a scroll of identify for 32 gold pieces
 37286 | Elf:3    | Bought a scroll of blinking for 120 gold pieces
 37286 | Elf:3    | Bought a scroll of blinking for 120 gold pieces
 37286 | Elf:3    | Bought a scroll of identify for 32 gold pieces
 37295 | Elf:3    | Reached skill level 15 in Earth Magic
 37411 | Elf:3    | Reached skill level 12 in Spellcasting
 37414 | Elf:3    | Noticed a deep elf blademaster
 37606 | Elf:3    | Killed a deep elf blademaster
 37785 | Elf:3    | Found a runed translucent door.
 37786 | Elf:3    | Noticed firegrace's ghost (adept GrBe)
 37875 | Elf:3    | Offered knowledge of Fire Storm by Vehumet.
 37875 | Elf:3    | Offered knowledge of Tornado by Vehumet.
 37875 | Elf:3    | Offered knowledge of Ignition by Vehumet.
 37885 | Elf:3    | Learned a level 8 spell: Ignition
 37965 | Elf:3    | Noticed a deep elf blademaster
 37968 | Elf:3    | Killed a deep elf blademaster
 38169 | Elf:3    | Identified the ring "Zutie" {rCorr Stlth+}
 38178 | Elf:3    | Reached XP level 18. HP: 112/112 MP: 32/34
 38371 | Elf:3    | Noticed a Hell Sentinel
 38717 | Elf:3    | Identified the cursed +1 leather armour of Honour {Dex+4
                  | Slay+6}
 38719 | Elf:3    | Cast into level 2 of the Abyss (a deep elf sorcerer)
 38995 | Abyss:2  | Gained mutation: Armour fits poorly on your strangely
                  | shaped body. [a neqoxec]
 39131 | Abyss:2  | Gained mutation: You are frail. (-10% HP) [a neqoxec]
 39515 | Elf:3    | Escaped the Abyss
 39780 | Orc:1    | Bought a potion of mutation for 208 gold pieces
 39780 | Orc:1    | Lost mutation: You are frail. (-10% HP) [potion of
                  | mutation]
 39780 | Orc:1    | Lost mutation: Armour fits poorly on your strangely shaped
                  | body. [potion of mutation]
 39780 | Orc:1    | Gained mutation: You have large cloven feet. [potion of
                  | mutation]
 39780 | Orc:1    | Gained mutation: You expend magic power (3 MP) to
                  | strengthen your wands. [potion of mutation]
 39941 | Elf:3    | Reached skill level 13 in Spellcasting
 40576 | Elf:3    | Identified the +5 quarterstaff of Compound Interest {crush,
                  | MR+ SInv}
 40604 | Elf:3    | Cast into level 3 of the Abyss (a deep elf sorcerer)
 40944 | Elf:3    | Escaped the Abyss
 40944 | Elf:3    | Noticed a deep elf blademaster
 40954 | Elf:3    | Killed a deep elf blademaster
 41202 | Elf:3    | Identified the cursed +0 short sword of the Trees {pierce,
                  | MR+ Str+7}
 41381 | Elf:3    | Identified the Handbook of the Enthralling Arsonist
 41384 | Elf:3    | Identified the Incunabulum of Lucky Enchantment
 41409 | Elf:3    | Noticed a deep elf blademaster
 41414 | Elf:3    | Killed a deep elf blademaster
 41424 | Elf:3    | Reached skill level 14 in Spellcasting
 41535 | Elf:3    | Got a pair of spiked gloves
 41546 | Elf:3    | Identified the +2 pair of gloves "Kene" {rCorr Dex+3
                  | Slay+2} (You found it on level 3 of the Elven Halls)
 41588 | Elf:3    | Got a smoking jade amulet
 41589 | Elf:3    | Identified the amulet "Eruf" {Inacc MR++} (You found it on
                  | level 3 of the Elven Halls)
 41616 | Elf:3    | Noticed a deep elf master archer
 41621 | Elf:3    | Killed a deep elf master archer
 41621 | Elf:3    | Reached XP level 19. HP: 72/116 MP: 37/37
 42290 | Elf:3    | Identified a scroll of acquirement
 42449 | Elf:3    | Found a runed translucent door.
 42644 | Elf:3    | Found Refump's General Store.
 42954 | Elf:3    | Bought a ration for 80 gold pieces
 42954 | Elf:3    | Bought a ration for 80 gold pieces
 43240 | Swamp:1  | Entered Level 1 of the Swamp
 46527 | Swamp:4  | Entered Level 4 of the Swamp
 46765 | Swamp:4  | Reached skill level 15 in Fire Magic
 46829 | Swamp:4  | Reached skill level 10 in Dodging
 46911 | Swamp:4  | Got a decaying rune of Zot
 47898 | Vaults:1 | Entered Level 1 of the Vaults
 48171 | Vaults:1 | Reached XP level 20. HP: 116/123 MP: 27/38
 48177 | Vaults:1 | Reached skill level 15 in Spellcasting
 48596 | Vaults:1 | Found Xuzank's Food Shoppe.
 48599 | Vaults:1 | Bought a ration for 70 gold pieces
 48599 | Vaults:1 | Bought a ration for 70 gold pieces
 48599 | Vaults:1 | Bought a ration for 70 gold pieces
 48599 | Vaults:1 | Bought a ration for 70 gold pieces
 48599 | Vaults:1 | Bought a ration for 70 gold pieces
 48599 | Vaults:1 | Bought a ration for 70 gold pieces
 48599 | Vaults:1 | Bought a ration for 70 gold pieces
 48599 | Vaults:1 | Bought a ration for 70 gold pieces
 48599 | Vaults:1 | Bought a ration for 70 gold pieces
 48599 | Vaults:1 | Bought a ration for 70 gold pieces
 48599 | Vaults:1 | Bought a ration for 70 gold pieces
 48831 | Vaults:1 | Identified the +4 robe "Elosar" {+Fly MR+ Dex+2} (You found
                  | it on level 1 of the Vaults)
 48841 | Vaults:1 | Found a radiant altar of Vehumet.
 48842 | Vaults:1 | Found the +0 mask of the Dragon {MR+ Slay+3 SInv}
 48862 | Vaults:1 | Identified the cursed +0 hat of Ymog {rElec MR- rCorr} (You
                  | found it on level 1 of the Vaults)
 49438 | Vaults:1 | Noticed Aizul
 49448 | Vaults:1 | Killed Aizul
 51644 | Vaults:3 | Found an opulent altar of Gozag.
 51735 | Vaults:3 | Found Fuepet's Jewellery Boutique.
 51916 | Vaults:3 | Reached XP level 21. HP: 110/129 MP: 38/40
 52115 | Vaults:3 | Found a staircase to the Crypt.
 54349 | Vaults:4 | Reached XP level 22. HP: 126/137 MP: 32/41
 54476 | Vaults:4 | Found a runed translucent door.
 54476 | Vaults:4 | Noticed Viusuagh's ghost (adept MiSk)
 54906 | Vaults:4 | Reached skill level 16 in Spellcasting
 54995 | Vaults:4 | Found Toschu's Weapon Boutique.
 55317 | Vaults:4 | Identified the Reference Book on Combat Magic and the
                  | Frostbite
 55908 | Spider:1 | Entered Level 1 of the Spider Nest
 55920 | Spider:1 | Noticed Jorgrun
 55930 | Spider:1 | Killed Jorgrun
 57746 | Spider:4 | Entered Level 4 of the Spider Nest
 58839 | Spider:4 | Reached XP level 23. HP: 138/143 MP: 5/43
 59114 | Spider:4 | Got a gossamer rune of Zot
 59441 | Vaults:1 | Learned a level 9 spell: Shatter
 59656 | Vaults:5 | Entered Level 5 of the Vaults
 59917 | Vaults:5 | Noticed Mennas
 59936 | Vaults:4 | Learned a level 9 spell: Fire Storm
 59968 | Vaults:5 | Reached skill level 17 in Spellcasting
 59973 | Vaults:5 | Noticed an ancient lich
 59977 | Vaults:5 | Killed an ancient lich
 59979 | Vaults:5 | Identified the ring "Wudelix" {+Blink rPois rF+++ MP+9
                  | Str-4}
 59985 | Vaults:5 | Noticed Margery
 59986 | Vaults:5 | Noticed a golden dragon
 60299 | Vaults:5 | Killed Margery
 60301 | Vaults:5 | Reached XP level 24. HP: 64/149 MP: 44/44
 60316 | Vaults:5 | Killed Mennas
 60379 | Vaults:5 | Reached skill level 18 in Spellcasting
 60688 | Vaults:5 | Identified the cursed +0 great sword "Puzienn" {slice, rF+
                  | Int+4 Dex-5}
 60716 | Vaults:5 | Identified the cursed +1 broad axe "Sarcophage" {drain,
                  | Int+2 Dex+5}
 60716 | Vaults:5 | Identified the cursed +1 leather armour of the Past {*Slow
                  | Str+6 Dex+8}
 61463 | Vaults:5 | Found Vinluon's Distillery.
 61483 | Vaults:5 | Bought a potion of might for 84 gold pieces
 61483 | Vaults:5 | Bought a potion of cancellation for 168 gold pieces
 61483 | Vaults:5 | Bought a potion of curing for 63 gold pieces
 61483 | Vaults:5 | Bought a potion of curing for 63 gold pieces
 61483 | Vaults:5 | Bought a potion of haste for 210 gold pieces
 61483 | Vaults:5 | Bought a potion of might for 84 gold pieces
 61483 | Vaults:5 | Bought 2 potions of heal wounds for 210 gold pieces
 61483 | Vaults:5 | Bought a potion of curing for 63 gold pieces
 61483 | Vaults:5 | Bought a potion of mutation for 168 gold pieces
 61483 | Vaults:5 | Bought a potion of haste for 210 gold pieces
 61483 | Vaults:5 | Bought a potion of brilliance for 84 gold pieces
 61489 | Vaults:5 | Identified the Volume of the Other Side
 62336 | Vaults:5 | Got a silver rune of Zot
 62563 | Crypt:1  | Entered Level 1 of the Crypt
 62577 | Crypt:1  | Noticed Khufu
 62578 | Crypt:1  | Noticed a greater mummy
 62580 | Crypt:1  | Noticed a greater mummy
 62585 | Crypt:1  | Killed a greater mummy
 62585 | Crypt:1  | Killed a greater mummy
 62587 | Crypt:1  | Killed Khufu
 63185 | Crypt:1  | Reached skill level 19 in Spellcasting
 63214 | Crypt:1  | Reached skill level 15 in Fighting
 63216 | Crypt:1  | Reached XP level 25. HP: 86/155 MP: 28/46
 65350 | Crypt:3  | Entered Level 3 of the Crypt
 67166 | Crypt:3  | Found an ancient bone altar of Kikubaaqudgha.
 67169 | Crypt:3  | Noticed an ancient lich
 67175 | Crypt:3  | Killed an ancient lich
 67327 | Crypt:3  | Learned a level 6 spell: Bolt of Fire
 67675 | Crypt:3  | Noticed Jory
 67682 | Crypt:3  | Killed Jory
 67699 | Crypt:3  | Noticed an ancient lich
 67706 | Crypt:3  | Killed an ancient lich
 67834 | Crypt:3  | Found a staircase to the Tomb.
 68632 | Slime:1  | Entered Level 1 of the Pits of Slime
 68672 | Slime:1  | Gained mutation: You tend to lose your temper in combat. [a
                  | shining eye]
 68754 | Slime:2  | Noticed Dissolution
 68759 | Slime:2  | Killed Dissolution
 69200 | Slime:4  | Reached XP level 26. HP: 151/163 MP: 14/46
 69204 | Slime:4  | Gained mutation: Potions are less effective at restoring
                  | your health. [a shining eye]
 69363 | Slime:5  | Entered Level 5 of the Pits of Slime
 69404 | Slime:5  | Gained mutation: You are clumsy. (Dex -2) [a shining eye]
 69721 | Slime:5  | Noticed the Royal Jelly
 69726 | Slime:5  | Killed the Royal Jelly
 70147 | Slime:5  | Got a slimy rune of Zot
 70149 | Slime:5  | Identified the +2 robe "Jifegoz" {Stlth+} (You found it on
                  | level 5 of the Pits of Slime)
 70178 | Slime:5  | Identified the +2 helmet "Odghaqepn" {Dex+3} (You found it
                  | on level 5 of the Pits of Slime)
 70183 | Slime:5  | Got a twitching brass amulet
 70184 | Slime:5  | Identified the amulet "Zyneijot" {Harm *Drain Int+4 Slay+2}
                  | (You found it on level 5 of the Pits of Slime)
 70191 | Slime:5  | Identified the Tome of Air and the Glacier
 70195 | Slime:5  | Identified the Incunabulum of Ghastly Transformation
 70285 | Slime:5  | Got a warped platinum ring
 70286 | Slime:5  | Identified the ring "Foilyil" {rN+ Str+4 Int+2} (You found
                  | it on level 5 of the Pits of Slime)
 70649 | Depths:1 | Entered Level 1 of the Depths
 71282 | Depths:1 | Reached skill level 20 in Spellcasting
 71379 | Depths:1 | Noticed Mara
 71390 | Depths:1 | Killed Mara
 71644 | Depths:1 | You are sucked into a shaft and drop 1 floor!
 71657 | Depths:2 | Noticed a juggernaut
 71658 | Depths:2 | Found the ring of Shadows {Umbra +Inv Stlth+}
 71662 | Depths:2 | Killed a juggernaut
 71663 | Depths:2 | Identified the ring of the Forgotten Stories {+Inv rPois
                  | Str+4 Dex+7 Slay-3}
 72289 | Depths:1 | Found a gateway to Hell.
 72879 | Depths:2 | Found a one-way gate to the infinite horrors of the Abyss.
 73038 | Depths:2 | Reached XP level 27. HP: 152/172 MP: 15/47
 73097 | Depths:2 | Lost mutation: You are clumsy. (Dex -2) [potion of
                  | mutation]
 73097 | Depths:2 | Lost mutation: Potions are less effective at restoring your
                  | health. [potion of mutation]
 73097 | Depths:2 | Gained mutation: You are somewhat resistant to further
                  | mutation. [potion of mutation]
 73097 | Depths:2 | Gained mutation: You are weak. (Str -2) [potion of
                  | mutation]
 73271 | Depths:2 | Found a one-way gate leading to the halls of Pandemonium.
 73279 | Depths:2 | Lost mutation: You tend to lose your temper in combat.
                  | [potion of mutation]
 73279 | Depths:2 | Lost mutation: You are somewhat resistant to further
                  | mutation. [potion of mutation]
 73279 | Depths:2 | Gained mutation: You are partially covered in slimy green
                  | scales. (AC +2) [potion of mutation]
 73279 | Depths:2 | Gained mutation: You tend to lose your temper in combat.
                  | [potion of mutation]
 73279 | Depths:2 | Gained mutation: You have a pair of small antennae on your
                  | head. [potion of mutation]
 73410 | Depths:2 | Identified the +0 cloak "Earthly Heaven" {+Inv rElec rC+}
                  | (You found it on level 2 of the Depths)
 74878 | Depths:3 | Found Teuteapp's Armour Shoppe.
 75282 | Depths:3 | Found a portal to a secret trove of treasure.
 75290 | Depths:3 | You showed the slimy rune of Zot to enter a treasure trove
 75291 | Trove    | Entered a treasure trove
 75307 | Trove    | Got a brightly glowing buckler
 75308 | Trove    | Identified the +2 buckler "Eliuc" {rPois Dex+7 Slay-5} (You
                  | found it in a treasure trove)
 75349 | Trove    | Identified the +2 hat of Dithmenos's Hope {rPois Int+5}
                  | (You found it in a treasure trove)
 76054 | Depths:4 | Found a gateway to a ziggurat.
 76124 | Depths:4 | Found the +15 Maxwell's patent armour {-Cast -Tele rElec
                  | MR+ rCorr}
 76663 | Depths:5 | Entered Level 5 of the Depths
 77319 | Depths:5 | Reached skill level 15 in Dodging
 77552 | Depths:5 | Identified the +6 scale mail "Secam" {*Contam *Corrode
                  | Int+8 Stlth+}
 77574 | Depths:5 | Reached skill level 21 in Spellcasting
 78530 | Depths:5 | Identified the ring of Obsession {rC+ MR+ Dex+4 Slay+2}
 78585 | Depths:5 | Found a gate to the Realm of Zot.
 79297 | Zig:1    | Entered Level 1 of a ziggurat
 79439 | Zig:2    | Entered Level 2 of a ziggurat
 79443 | Zig:2    | Found the +8 storm bow {elec, penet}
 79461 | Zig:3    | Entered Level 3 of a ziggurat
 79500 | Zig:4    | Entered Level 4 of a ziggurat
 79622 | Zig:5    | Entered Level 5 of a ziggurat
 79648 | Zig:5    | Got a glittering bone amulet
 79649 | Zig:5    | Identified the amulet "Unelum" {Spirit rC+} (You found it
                  | on level 5 of a ziggurat)
 79664 | Zig:5    | Got a transparent ruby amulet
 79665 | Zig:5    | Identified the amulet "Unke Keck" {Faith Str+2} (You found
                  | it on level 5 of a ziggurat)
 79731 | Zig:6    | Entered Level 6 of a ziggurat
 79737 | Zig:6    | Reached skill level 10 in Evocations
 79917 | Zig:6    | Learned a level 8 spell: Necromutation
 79918 | Zig:7    | Entered Level 7 of a ziggurat
 79924 | Zig:7    | Reached skill level 1 in Transmutations
 79924 | Zig:7    | Noticed Miawoar the pandemonium lord
 79927 | Zig:7    | Reached skill level 1 in Necromancy
 79929 | Zig:7    | Killed Miawoar the pandemonium lord
 79992 | Zig:7    | Identified the Handbook of Cloudy Translocation
 80003 | Zig:7    | Got a warped lapis lazuli ring
 80004 | Zig:7    | Identified the ring "Lakacu Noke" {Str+3 SInv} (You found
                  | it on level 7 of a ziggurat)
 80008 | Zig:8    | Entered Level 8 of a ziggurat
 80153 | Zig:8    | Lost mutation: You tend to lose your temper in combat.
                  | [potion of mutation]
 80153 | Zig:8    | Lost mutation: You are weak. (Str -2) [potion of mutation]
 80153 | Zig:8    | Gained mutation: Your spells are a little harder to cast,
                  | but a little more powerful. [potion of mutation]
 80153 | Zig:8    | Gained mutation: Your mind is acute. (Int +2) [potion of
                  | mutation]
 80153 | Zig:8    | Gained mutation: You are mostly covered in slimy green
                  | scales. (AC +3) [potion of mutation]
 80181 | Zig:8    | Identified the +5 whip of Cefone {speed, rC+ rN+ Int+4
                  | Dex+2} (You found it on level 8 of a ziggurat)
 80285 | Zig:9    | Entered Level 9 of a ziggurat
 80339 | Zig:9    | Identified the +1 robe of Pusuig {*Slow Str+2 Int+10 SInv}
                  | (You found it on level 9 of a ziggurat)
 80349 | Zig:10   | Entered Level 10 of a ziggurat
 80356 | Zig:10   | Noticed a greater mummy
 80357 | Zig:10   | Noticed a greater mummy
 80357 | Zig:10   | Noticed a greater mummy
 80361 | Zig:10   | Killed a greater mummy
 80361 | Zig:10   | Killed a greater mummy
 80362 | Zig:10   | Killed a greater mummy
 80446 | Zig:10   | Identified the Incunabulum of Creative Earth
 80449 | Zig:10   | Got a smoking platinum ring
 80450 | Zig:10   | Identified the ring of Letheat {Wiz rF+ Int+2 Dex+4 Stlth-}
                  | (You found it on level 10 of a ziggurat)
 80470 | Zig:11   | Entered Level 11 of a ziggurat
 80674 | Zig:12   | Entered Level 12 of a ziggurat
 80686 | Zig:12   | Found the +2 hat of the Bear Spirit {Spirit, +Rage rN+
                  | MR++}
 80800 | Zig:13   | Entered Level 13 of a ziggurat
 80803 | Zig:13   | Noticed a juggernaut
 80807 | Zig:13   | Killed a juggernaut
 80942 | Zig:13   | Found the +7 Kryia's mail coat {PotionHeal*2 rC+}
 80950 | Zig:13   | Got a bound wooden ring
 80951 | Zig:13   | Identified the ring "Benenezy" {Wiz *Contam rPois rF+
                  | Dex+8} (You found it on level 13 of a ziggurat)
 80962 | Zig:13   | Identified the Catalogue of Poison and Conjuration
 80967 | Zig:14   | Entered Level 14 of a ziggurat
 80974 | Zig:14   | Noticed Pewuav the pandemonium lord
 80974 | Zig:14   | Noticed Maampoam the pandemonium lord
 80975 | Zig:14   | Noticed Duudytir the pandemonium lord
 80977 | Zig:14   | Noticed Gosunn the pandemonium lord
 80978 | Zig:14   | Reached skill level 5 in Transmutations
 80979 | Zig:14   | Killed Maampoam the pandemonium lord
 80979 | Zig:14   | Killed Duudytir the pandemonium lord
 80979 | Zig:14   | Reached skill level 5 in Necromancy
 80980 | Zig:14   | Killed Gosunn the pandemonium lord
 80986 | Zig:14   | Killed Pewuav the pandemonium lord
 80998 | Zig:14   | Noticed Beffin the pandemonium lord
 81001 | Zig:14   | Killed Beffin the pandemonium lord
 81125 | Zig:14   | Got a glittering amber ring
 81126 | Zig:14   | Identified the ring "Kiasmu" {*Drain rPois rC++ rCorr
                  | Str+4} (You found it on level 14 of a ziggurat)
 81159 | Zig:15   | Entered Level 15 of a ziggurat
 81169 | Zig:15   | Noticed Nuisuu the pandemonium lord
 81169 | Zig:15   | Noticed Oheshec the pandemonium lord
 81170 | Zig:15   | Noticed Myalum the pandemonium lord
 81172 | Zig:15   | Killed Oheshec the pandemonium lord
 81173 | Zig:15   | Reached skill level 22 in Spellcasting
 81173 | Zig:15   | Killed Myalum the pandemonium lord
 81180 | Zig:15   | Killed Nuisuu the pandemonium lord
 81281 | Zig:15   | Got a pitted crystal amulet
 81282 | Zig:15   | Identified the amulet of Veruazay {Gourm Dex+5} (You found
                  | it on level 15 of a ziggurat)
 81304 | Zig:15   | Identified the Disquisition on Virous Sinister Arts
 81309 | Zig:15   | Identified the Guide on the Enthralling Traveller
 81318 | Zig:16   | Entered Level 16 of a ziggurat
 81344 | Zig:16   | Identified the Guide on Frigorific Confrontation
 81348 | Zig:16   | Got a slimy granite ring
 81349 | Zig:16   | Identified the ring "Ecwiho" {-Tele rC+ Int+2 Dex+3} (You
                  | found it on level 16 of a ziggurat)
 81382 | Zig:16   | Identified Sif Muna's Catalogue of Blistering Feathers
 81409 | Zig:17   | Entered Level 17 of a ziggurat
 81664 | Zig:17   | Identified the Reference Book on Torrid Sinister Rites
 81679 | Zig:18   | Entered Level 18 of a ziggurat
 81697 | Zig:18   | Found the +0 Maxwell's etheric cage {RegenMP+ *Contam rElec
                  | MP+4}
 81941 | Zig:18   | Identified the ring of a Million Tales {rElec rN+} (You
                  | found it on level 18 of a ziggurat)
 81946 | Zig:19   | Entered Level 19 of a ziggurat
 81952 | Zig:19   | Noticed a greater mummy
 81952 | Zig:19   | Noticed a greater mummy
 81952 | Zig:19   | Noticed a greater mummy
 81955 | Zig:19   | Noticed a greater mummy
 81958 | Zig:19   | Killed a greater mummy
 81958 | Zig:19   | Killed a greater mummy
 81958 | Zig:19   | Killed a greater mummy
 81959 | Zig:19   | Noticed a greater mummy
 81959 | Zig:19   | Noticed a greater mummy
 81960 | Zig:19   | Killed a greater mummy
 81961 | Zig:19   | Killed a greater mummy
 81961 | Zig:19   | Reached skill level 10 in Necromancy
 81963 | Zig:19   | Killed a greater mummy
 81963 | Zig:19   | Noticed a greater mummy
 81964 | Zig:19   | Reached skill level 23 in Spellcasting
 81966 | Zig:19   | Noticed a greater mummy
 81966 | Zig:19   | Killed a greater mummy
 81968 | Zig:19   | Killed a greater mummy
 82219 | Zig:19   | Identified Viuvixt's Tome of Companions and Dislocation
 82234 | Zig:19   | Identified the amulet "Jixahus" {Regen+ Str+2} (You found
                  | it on level 19 of a ziggurat)
 82236 | Zig:19   | Identified the amulet "Hyaklyul" {RegenMP rC- Int+2 Dex+6}
                  | (You found it on level 19 of a ziggurat)
 82244 | Zig:19   | Identified the ring "Jomnowima" {rElec rN+ Int-3 Dex+6
                  | SInv} (You found it on level 19 of a ziggurat)
 82273 | Zig:20   | Entered Level 20 of a ziggurat
 82281 | Zig:20   | Gained mutation: You are weak. (Str -2) [a neqoxec]
 82283 | Zig:20   | Noticed a juggernaut
 82285 | Zig:20   | Noticed a juggernaut
 82287 | Zig:20   | Killed a juggernaut
 82289 | Zig:20   | Killed a juggernaut
 82535 | Zig:20   | Identified the +0 pair of boots of Kindness {+Blink rCorr
                  | Str-4 Dex+5} (You found it on level 20 of a ziggurat)
 82562 | Zig:21   | Entered Level 21 of a ziggurat
 82568 | Zig:21   | Noticed Wohyim the pandemonium lord
 82568 | Zig:21   | Noticed Syucauro the pandemonium lord
 82572 | Zig:21   | Noticed Pimnuff the pandemonium lord
 82573 | Zig:21   | Killed Syucauro the pandemonium lord
 82574 | Zig:21   | Noticed Kojevodo the pandemonium lord
 82575 | Zig:21   | Noticed Xeolusagg the pandemonium lord
 82579 | Zig:21   | Noticed Vudgh the pandemonium lord
 82586 | Zig:21   | Killed Kojevodo the pandemonium lord
 82588 | Zig:21   | HP: 9/186 [Wohyim the pandemonium lord (13)]
 82588 | Zig:21   | Slain by Pimnuff the pandemonium lord

Levels and vault maps discovered:
D:1:      dpeg_arrival_connections, layout_loops_ring, minmay_misc_feat_alley,
          bh_walls_and_bars
D:2:      layout_loops_ring, chequers_temple_overflow_minitemple, uniq_jessica
D:3:      layout_basic, first_ration
D:4:      layout_loops_ring, cheibrodos_sewer_entry_sluice, eino_tiny_chamber,
          uniq_eustachio, uniq_grinder, uniq_crazy_yiuf_cottage
D:5:      layout_layer_cave, lemuel_coloured_pillars_altar, minmay_manual_mares,
          uniq_sigmund
D:6:      layout_rooms, nicolae_overflow_hidden_temple,
          minmay_temple_entry_statues, elyvilon_altar_3, uniq_duvessa
D:7:      layout_basic, lemuel_doored_altar
D:8:      layout_basic, kennysheep_mini, uniq_joseph
D:9:      layout_loops_ring, grunt_temple_overflow_open,
          nicolae_dithmenos_shadow_blocks, serial_shops,
          nicolae_shop_waterfront, blue_anna_alchemist [blue_anna_fruit_fields,
          blue_anna_fruit_fields], minmay_protected_statue
D:10:     layout_basic, minmay_lair_entry_grove, david_defended_altar_orc
D:11:     layout_loops_corners, erik_orc_4, uniq_maurice, uniq_fannar
D:12:     layout_cave_pools, serial_shops, nicolae_shop_behind_doors,
          uniq_psyche
D:13:     layout_loops_corners
D:14:     layout_stronghold, erik_vaults_1, corexii_corridor_pit, st_stairs_14
D:15:     grunt_enter_depths_snipers, layout_irregular_city,
          lemuel_blue_sif_altar
Temple:   minmay_temple_curvy_loop
Lair:1:   layout_regular_city, minmay_lair_oklob_items,
          chequers_serial_rivers_micro_a, lemuel_fruit_fields, uniq_nergalle,
          uniq_erica
Lair:2:   beast_lair_carwin_large_1, layout_loops_ring, portal_ice_cave_rime
Lair:3:   layout_regular_city, lemuel_altar_in_water2, grunt_megastairs_2,
          lemuel_fruit_tree
Lair:4:   layout_regular_city, minmay_swamp_entry_swarm,
          nicolae_spider_entry_non_spiders, minmay_lair_oklob_chamber
Lair:5:   layout_long_grid, slime_altar_1, gauntlet_entry_generic,
          lemuel_centaur_altar, uniq_nessos
Lair:6:   grunt_lair_end_beastmaster, layout_layer_cave, serial_bayou_shore_a
Swamp:1:  layout_basic_swamp, nicolae_swamp_trees_clearing,
          nicolae_swamp_dense_foliage
Swamp:2:  layout_basic_swamp, evilmike_swamp_ruin_house_4
Swamp:3:  layout_basic_swamp, evilmike_swamp_ruin_house_1, swamp_pool5
Swamp:4:  swamp_alternative, layout_basic_swamp, swamp_pool2
Spider:1: layout_spider_delve, special_room [special_room_bee],
          spiders_nest_hornet_nest, uniq_jorgrun
Spider:2: layout_spider_delve, hangedman_spider_tarantella_strand
Spider:3: layout_spider_delve
Spider:4: spider_rune_water, special_room, nicolae_orb_stairs
Slime:1:  layout_caves
Slime:2:  layout_caves, uniq_dissolution
Slime:3:  layout_caves
Slime:4:  layout_caves
Slime:5
Orc:1:    layout_diamond_mine, serial_shops, shop,
          nicolae_shop_temple_entry_statues_fountains,
          nicolae_shop_behind_doors, shop,
          nicolae_shop_competitors_out_of_business, minmay_orc_temple_a
Orc:2:    st_orc_pillars, layout_caves
Elf:1:    eino_elf_arrival_the_gate, layout_geoelf_diagonals,
          hangedman_elven_crosses_minicolossus
Elf:2:    layout_geoelf_diagonals, serial_shops, shop_fountains,
          grunt_ministairs_6
Elf:3:    nooodl_elf_gasket, layout_onion_city, gammafunk_ghost_grave,
          serial_shops, nicolae_shop_statue_plus, st_stairs_11
Vaults:1: v_misc_25, grunt_tower_of_power, hangedman_vaults_river_flow,
          nicolae_vaults_three_branches, vaults_room_door_ring, v_alt_pattern_3,
          ontoclasm_vaults_chip, ontoclasm_vaults_chip,
          ontoclasm_vaults_decontamination, nicolae_vaults_what_the_h,
          layout_vaults_quadrants, serial_shops, nicolae_shop_behind_doors,
          uniq_aizul
Vaults:2: nicolae_vaults_big_ls, grunt_vaults_swirl,
          nicolae_vaults_windows_and_doors_thing,
          nicolae_vaults_yaktaur_gun_rack, nicolae_vaults_network_star,
          nicolae_vaults_sealed_display, vaults_room_octagon,
          nicolae_vaults_ring_of_whatevers, nicolae_vaults_little_squares_1,
          vaults_dpeg_ring, vaults_room_octagon, vaults_mumra_lcd,
          layout_vaults_omnibox
Vaults:3: ontoclasm_vaults_loading_screen, v_misc_22, vaults_mumra_chevron,
          v_misc_10, v_pattern_1, minmay_crypt_entry_simple_plaza, v_misc_26,
          nicolae_vaults_holding_cells, nicolae_vaults_border_crossing,
          ontoclasm_vaults_gateway, layout_vaults_maze, serial_shops,
          nicolae_shop_trees, basic_altar
Vaults:4: gammafunk_vaults_ghost_grave, vaults_mumra_hexcomb,
          nicolae_vaults_angled_halls, vaults_room_boxed,
          hangedman_vaults_corner_blocks, hangedman_vaults_stagger,
          hangedman_vaults_restitches, st_greater_box_2,
          vaults_room_grunt_arrival_checkpoint, dpeg_vaults_monster_box,
          layout_vaults_omnicross
Vaults:5: serial_shops, uniq_mennas, uniq_margery
Crypt:1:  minmay_shadows, layout_chaotic_city, feat_on_display, uniq_khufu
Crypt:2:  layout_gridlike
Crypt:3:  quadcrypt_mu, uniq_jory
Depths:1: layout_cave_pools, grunt_hell_entry_dis_mu, dk_noncrumbling_4,
          minislime_mu, uniq_mara
Depths:2: kennysheep_bubble_arena, layout_cave_shapes, hangedman_decor_lopped,
          hell_entry, abyss_entry, rand_demon_pan_entry_8, dk_noncrumbling_2,
          grunt_ministairs_15
Depths:3: minmay_the_grid_triangle_9x9_recursive_2_mashed
          [minmay_the_grid_triangle_9x9_prize_insulated,
          minmay_the_grid_triangle_9x9_zippers_horizontal,
          minmay_the_grid_triangle_9x9_longest,
          minmay_the_grid_triangle_9x9_descending_squares], layout_basic,
          serial_shops, shop, pf_hell_entry_tar_spiral,
          nicolae_trove_entry_columns, abyss_entry, rand_demon_pan_entry_3
Depths:4: hangedman_elemental_death_ray, layout_cross, enter_ziggurat_a,
          minmay_room_of_horrors, hell_entry, hex_medium, kennysheep_donut
Depths:5: hangedman_pleasuredromes, hell_entry, pan_entry
Zig:21

Skill      XL: |  1  2  3  4  5  6  7  8  9 10 11 12 13 14 15 16 17 18 19 20 21 22 23 24 25 26 27 |
---------------+----------------------------------------------------------------------------------+-----
Earth Magic    | 4 5 6 7 8 9 10 11 12 13 14 15 16 17 19 21 22 | 22.0
Conjurations   | 1 2 3 5 6 7 8 9 11 12 13 14 15 | 15.0
Spellcasting   | 3 4 5 6 7 8 9 10 11 12 14 15 16 17 19 20 23 | 23.5
Fighting       | 2 4 5 7 8 9 10 11 12 13 14 15 16 17 22 | 22.6
Maces & Flails | 2 4 5 6 7 8 9 10 11 12 13 14 | 14.0
Armour         | 2 4 5 6 |  6.0
Evocations     | 2 3 4 6 10 | 10.0
Dodging        | 2 3 4 5 6 7 8 9 10 11 12 13 14 15 | 15.0
Fire Magic     | 5 8 10 11 13 15 16 17 18 19 20 22 | 22.0
Transmutations | 5 |  5.0
Necromancy     | 12 | 12.0
Stealth        | |  2.1

Action                   |  1- 3 |  4- 6 |  7- 9 | 10-12 | 13-15 | 16-18 | 19-21 | 22-24 | 25-27 || total
-------------------------+-------+-------+-------+-------+-------+-------+-------+-------+-------++-------
Melee: Dagger            |   112 |       |       |       |       |       |       |       |       ||   112
       Short sword       |     5 |   162 |   229 |   369 |    94 |       |       |       |       ||   859
       Morningstar       |       |       |       |       |   814 |   318 |   406 |   267 |   552 ||  2357
       Rapier            |       |       |       |       |    46 |       |       |       |       ||    46
       Eveningstar       |       |       |       |       |       |       |       |       |     5 ||     5
 Cast: Sandblast         |     8 |    25 |    48 |   101 |    49 |     9 |    26 |     1 |       ||   267
       Stone Arrow       |       |       |     3 |    35 |       |       |       |     2 |     6 ||    46
       Lee's Rapid Decon |       |       |    11 |    55 |   140 |   188 |    75 |    48 |    34 ||   551
       Iron Shot         |       |       |       |    12 |   104 |    93 |   153 |   132 |   184 ||   678
       Fireball          |       |       |       |       |    38 |    60 |    70 |    15 |     3 ||   186
       Irradiate         |       |       |       |       |     8 |    10 |     5 |     2 |       ||    25
       Ignition          |       |       |       |       |       |       |    58 |    62 |   106 ||   226
       Shatter           |       |       |       |       |       |       |       |    31 |   128 ||   159
       Fire Storm        |       |       |       |       |       |       |       |     3 |    55 ||    58
       Bolt of Fire      |       |       |       |       |       |       |       |       |   102 ||   102
       Necromutation     |       |       |       |       |       |       |       |       |     1 ||     1
 Abil: Fly               |       |       |       |       |     1 |       |       |       |       ||     1
       Evoke Invisibilit |       |       |       |       |       |       |       |       |     3 ||     3
Evoke: Wand              |       |       |    10 |     5 |     5 |     8 |     6 |       |     6 ||    40
       Lightning rod     |       |       |       |     4 |     7 |     4 |       |       |       ||    15
       Sack of spiders   |       |       |       |       |     1 |       |       |       |       ||     1
  Use: Scroll            |     5 |     4 |     5 |     4 |    23 |    13 |     9 |    12 |    49 ||   124
       Potion            |       |     1 |     3 |       |     4 |     7 |       |    16 |    15 ||    46
 Stab: Sleeping          |    10 |       |     1 |     4 |       |     2 |     4 |       |     3 ||    24
       Distracted        |       |     1 |       |       |       |     1 |       |       |       ||     2
       Fleeing           |       |       |       |       |       |       |       |       |     1 ||     1
  Eat: Chunk             |     2 |     7 |    17 |    29 |    63 |    44 |    64 |    22 |    55 ||   303
       Ration            |       |       |       |     4 |    16 |    13 |    11 |    19 |    37 ||   100
Armor: Robe              |    43 |    59 |   161 |   225 |   627 |   214 |   244 |   264 |   454 ||  2291
Dodge: Dodged            |    78 |   117 |   248 |   334 |  1312 |   352 |   493 |   498 |   664 ||  4096

Table legend:
 A = Non-vault XP
 B = Vault XP
 C = Vault XP percentage of total XP
 D = Non-vault monster count
 E = Vault monster count
 F = Vault count percentage of total count
                 A         B        C        D         E       F
            +---------+---------+-------+---------+---------+-------
      Total | 1223349 |  799743 |  39.5 |    2072 |    1003 |  32.6
            +---------+---------+-------+---------+---------+-------
        D:1 |      32 |       0 |   0.0 |      19 |       0 |   0.0
        D:2 |      80 |      37 |  31.6 |      20 |       1 |   4.8
        D:3 |      91 |       0 |   0.0 |      20 |       0 |   0.0
        D:4 |     731 |     529 |  42.0 |      22 |       7 |  24.1
        D:5 |     993 |     436 |  30.5 |      30 |       3 |   9.1
        D:6 |     943 |     223 |  19.1 |      20 |       2 |   9.1
        D:7 |    1521 |       0 |   0.0 |      18 |       0 |   0.0
        D:8 |    1892 |     434 |  18.7 |      16 |       1 |   5.9
        D:9 |    1058 |     765 |  42.0 |      13 |       2 |  13.3
       D:10 |    1898 |    1951 |  50.7 |      14 |      15 |  51.7
       D:11 |    3546 |    1887 |  34.7 |      24 |      17 |  41.5
       D:12 |    3910 |     469 |  10.7 |      25 |       1 |   3.8
       D:13 |    6097 |       0 |   0.0 |      36 |       0 |   0.0
       D:14 |    9450 |    1927 |  16.9 |      33 |       3 |   8.3
       D:15 |   14216 |    2302 |  13.9 |      39 |       3 |   7.1
     Lair:1 |    2486 |    2293 |  48.0 |      11 |       3 |  21.4
     Lair:2 |    3598 |    2245 |  38.4 |      22 |      11 |  33.3
     Lair:3 |    4130 |     205 |   4.7 |      17 |       1 |   5.6
     Lair:4 |   10593 |    3821 |  26.5 |      44 |      20 |  31.2
     Lair:5 |    6870 |    1757 |  20.4 |      15 |       5 |  25.0
     Lair:6 |   17507 |   11555 |  39.8 |      51 |      24 |  32.0
    Swamp:1 |   13558 |       0 |   0.0 |      38 |       0 |   0.0
    Swamp:2 |   12372 |       0 |   0.0 |      38 |       0 |   0.0
    Swamp:3 |    8624 |     379 |   4.2 |      22 |       3 |  12.0
    Swamp:4 |   13197 |   18970 |  59.0 |      27 |      25 |  48.1
   Spider:1 |   17942 |    5669 |  24.0 |      49 |      25 |  33.8
   Spider:2 |    9465 |     201 |   2.1 |      27 |       1 |   3.6
   Spider:3 |    9799 |       0 |   0.0 |      24 |       0 |   0.0
   Spider:4 |   12268 |   27637 |  69.3 |      28 |      44 |  61.1
    Slime:1 |    4131 |       0 |   0.0 |      13 |       0 |   0.0
    Slime:2 |   17157 |   13570 |  44.2 |      12 |       1 |   7.7
    Slime:3 |   10070 |       0 |   0.0 |      22 |       0 |   0.0
    Slime:4 |    6117 |       0 |   0.0 |      17 |       0 |   0.0
    Slime:5 |   11972 |   29506 |  71.1 |      16 |      14 |  46.7
      Orc:1 |    4134 |     227 |   5.2 |      51 |      11 |  17.7
      Orc:2 |    7972 |    8575 |  51.8 |      37 |      53 |  58.9
      Elf:1 |   29013 |   12742 |  30.5 |      50 |      20 |  28.6
      Elf:2 |    9669 |    3210 |  24.9 |      14 |       4 |  22.2
      Elf:3 |   22142 |   69911 |  75.9 |      37 |      49 |  57.0
   Vaults:1 |   35311 |   19962 |  36.1 |      59 |      38 |  39.2
   Vaults:2 |   13109 |   22752 |  63.4 |      21 |      41 |  66.1
   Vaults:3 |   34655 |   21718 |  38.5 |      41 |      30 |  42.3
   Vaults:4 |   16783 |   83737 |  83.3 |      23 |      74 |  76.3
   Vaults:5 |   39104 |  138579 |  78.0 |      64 |      98 |  60.5
    Crypt:1 |   33765 |   31806 |  48.5 |      48 |      28 |  36.8
    Crypt:2 |   22023 |       0 |   0.0 |      25 |       0 |   0.0
    Crypt:3 |       0 |   67671 | 100.0 |       0 |      80 | 100.0
   Depths:1 |   41665 |   11790 |  22.1 |      70 |      14 |  16.7
   Depths:2 |   36476 |   29692 |  44.9 |      55 |      22 |  28.6
   Depths:3 |   34746 |   16387 |  32.0 |      39 |       7 |  15.2
   Depths:4 |   37415 |   15292 |  29.0 |      39 |      30 |  43.5
   Depths:5 |    3028 |   99721 |  97.1 |      12 |      91 |  88.3
    Abyss:2 |   11626 |       0 |   0.0 |      29 |       0 |   0.0
    Abyss:3 |   12507 |       0 |   0.0 |      14 |       0 |   0.0
      Zig:1 |     766 |       0 |   0.0 |       3 |       0 |   0.0
      Zig:2 |    1845 |       0 |   0.0 |       3 |       0 |   0.0
      Zig:3 |    3635 |       0 |   0.0 |       4 |       0 |   0.0
      Zig:4 |    5884 |       0 |   0.0 |       7 |       0 |   0.0
      Zig:5 |    6514 |       0 |   0.0 |       8 |       0 |   0.0
      Zig:6 |   10074 |    2762 |  21.5 |       8 |       4 |  33.3
      Zig:7 |   14732 |       0 |   0.0 |       8 |       0 |   0.0
      Zig:8 |   13006 |       0 |   0.0 |      12 |       0 |   0.0
      Zig:9 |   15658 |       0 |   0.0 |      11 |       0 |   0.0
     Zig:10 |   23932 |       0 |   0.0 |      26 |       0 |   0.0
     Zig:11 |   14977 |       0 |   0.0 |      24 |       0 |   0.0
     Zig:12 |   16596 |       0 |   0.0 |      25 |       0 |   0.0
     Zig:13 |   23255 |       0 |   0.0 |      33 |       0 |   0.0
     Zig:14 |   43886 |    2537 |   5.5 |      21 |       4 |  16.0
     Zig:15 |   58385 |       0 |   0.0 |      24 |       0 |   0.0
     Zig:16 |   33987 |       0 |   0.0 |      43 |       0 |   0.0
     Zig:17 |   29507 |       0 |   0.0 |      45 |       0 |   0.0
     Zig:18 |   54283 |       0 |   0.0 |      33 |       0 |   0.0
     Zig:19 |   66340 |       0 |   0.0 |      72 |       0 |   0.0
     Zig:20 |   50032 |    2210 |   4.2 |      63 |       4 |   6.0
     Zig:21 |   52598 |       0 |   0.0 |      29 |       0 |   0.0
      Sewer |       0 |     145 | 100.0 |       0 |      11 | 100.0
      IceCv |       0 |    6256 | 100.0 |       0 |      54 | 100.0
   Gauntlet |       0 |    3293 | 100.0 |       0 |       4 | 100.0
            +---------+---------+-------+---------+---------+-------
